TOP OF THE 1ST |
Atlanta (MID) Braves batting - Pitching for Wisconsin Timber Rattlers : RHP Jeff Alanis
|
Pitching: RHP Jeff Alanis
|
|
Batting: SHB Brandon McClain
|
0-0: Ball 1-0: Called Strike 1-1: Fly out, F7 (Line Drive, 7D, EV 96.3 MPH)
|
Batting: SHB Richello Badua
|
0-0: Ball 1-0: Called Strike 1-1: Swinging Strike 1-2: Ball 2-2: Foul Ball, location: 2F 2-2: Ball 3-2: Base on Balls
|
Batting: LHB Bobby Upton
|
0-0: Foul Ball, location: 2F 0-1: Ball 1-1: DOUBLE (Flyball, 89D, EV 105.0 MPH) Richello Badua to third
|
Batting: RHB Xavier Davis
|
0-0: DOUBLE (Groundball, 5L, EV 98.1 MPH) Richello Badua scores Bobby Upton scores
|
Batting: RHB Corey Dalton
|
0-0: Called Strike Xavier Davis steals 3rd base 0-1: Foul Ball, location: 2F 0-2: Ball 1-2: Strikes out looking
|
Batting: RHB Mike Shook
|
0-0: Ball 1-0: Ball 2-0: Swinging Strike 2-1: Swinging Strike 2-2: Strikes out looking
|
Top of the 1st over - 2 runs, 2 hits, 0 errors, 1 left on base; Atlanta (MID) 2 - Wisconsin 0 |
BOTTOM OF THE 1ST |
Wisconsin Timber Rattlers batting - Pitching for Atlanta (MID) Braves : RHP Mokichi Furuta
|
Pitching: RHP Mokichi Furuta
|
|
Batting: RHB Bryant Thies
|
0-0: Called Strike 0-1: Ground out 6-3 (Groundball, 6M, EV 101.9 MPH)
|
Batting: RHB Matthew Adams
|
0-0: Called Strike 0-1: Swinging Strike 0-2: Ball 1-2: Foul Ball, location: 2F 1-2: Foul Ball, location: 2F 1-2: Foul Ball, location: 2F 1-2: DOUBLE (Flyball, 89XD, EV 98.1 MPH)
|
Batting: LHB Joe Vida
|
0-0: Foul Ball, location: 2F 0-1: Ball 1-1: Ball 2-1: Foul Ball, location: 2F 2-2: Ball 3-2: Base on Balls
|
Batting: RHB Aaron Lind
|
0-0: Ball 1-0: Called Strike 1-1: Called Strike 1-2: Strikes out looking
|
Batting: RHB Gene Sutton
|
0-0: DOUBLE (Line Drive, 9LM, EV 105.0 MPH) Matthew Adams scores Joe Vida to third
|
Batting: LHB Andy Sanchez
|
0-0: Called Strike 0-1: Called Strike 0-2: Fly out, F7 (Flyball, 78M, EV 82.5 MPH)
|
Bottom of the 1st over - 1 run, 2 hits, 0 errors, 2 left on base; Atlanta (MID) 2 - Wisconsin 1 |
TOP OF THE 2ND |
Atlanta (MID) Braves batting - Pitching for Wisconsin Timber Rattlers : RHP Jeff Alanis
|
Batting: RHB Andy Cunningham
|
0-0: Swinging Strike 0-1: Foul Ball, location: 2F 0-2: Ball 1-2: Hit by Pitch
|
Batting: RHB Johnny Burroughs
|
0-0: Ball Wild Pitch! Andy Cunningham to second 1-0: Ball 2-0: Swinging Strike 2-1: Ball 3-1: Foul Ball, location: 2F 3-2: Foul Ball, location: 2F 3-2: SINGLE (Groundball, 6MD, EV 98.8 MPH) Andy Cunningham to third Runner from 3rd tries for Home, throw by CF and OUT! 8-2 Johnny Burroughs to second
|
Batting: RHB Bobby Light
|
0-0: Ground out 4-3 (Groundball, 4, EV 89.4 MPH) Johnny Burroughs to third
|
Batting: SHB Brandon McClain
|
0-0: Called Strike 0-1: Fly out, F5 (Line Drive, 5, EV 68.8 MPH)
|
Top of the 2nd over - 0 runs, 1 hit, 0 errors, 1 left on base; Atlanta (MID) 2 - Wisconsin 1 |
BOTTOM OF THE 2ND |
Wisconsin Timber Rattlers batting - Pitching for Atlanta (MID) Braves : RHP Mokichi Furuta
|
Batting: LHB Aaron Mobley
|
0-0: Called Strike 0-1: Ground out 4-3 (Groundball, 4, EV 78.1 MPH)
|
Batting: RHB Rafael Medina
|
0-0: Called Strike 0-1: Ball 1-1: Fly out, F8 (Flyball, 8RD, EV 85.0 MPH)
|
Batting: RHB Jeff Cornett
|
0-0: Called Strike 0-1: Called Strike 0-2: Ball 1-2: Ground out 6-3 (Groundball, 6, EV 90.6 MPH)
|
Bottom of the 2nd over - 0 runs, 0 hits, 0 errors, 0 left on base; Atlanta (MID) 2 - Wisconsin 1 |
TOP OF THE 3RD |
Atlanta (MID) Braves batting - Pitching for Wisconsin Timber Rattlers : RHP Jeff Alanis
|
Batting: SHB Richello Badua
|
0-0: Called Strike 0-1: Ground out 4-3 (Groundball, 34D, EV 108.1 MPH)
|
Batting: LHB Bobby Upton
|
0-0: Ball 1-0: Called Strike 1-1: Ball 2-1: Ball 3-1: Foul Ball, location: 2F 3-2: Base on Balls
|
Batting: RHB Xavier Davis
|
0-0: Ball Bobby Upton steals 2nd, throwing error, E2 Bobby Upton to third 1-0: Ball 2-0: Called Strike 2-1: Ball 3-1: Fly out, F8 (Flyball, 89M, EV 77.5 MPH)
|
Batting: RHB Corey Dalton
|
0-0: Ground out 6-3 (Groundball, 56, EV 91.3 MPH)
|
Top of the 3rd over - 0 runs, 0 hits, 1 error, 1 left on base; Atlanta (MID) 2 - Wisconsin 1 |
BOTTOM OF THE 3RD |
Wisconsin Timber Rattlers batting - Pitching for Atlanta (MID) Braves : RHP Mokichi Furuta
|
Batting: RHB Bryant Thies
|
0-0: Ground out 6-3 (Groundball, 6M, EV 90.6 MPH)
|
Batting: RHB Matthew Adams
|
0-0: Ground out 5-3 (Groundball, 5, EV 106.3 MPH)
|
Batting: LHB Joe Vida
|
0-0: Called Strike 0-1: Ball 1-1: Swinging Strike 1-2: Strikes out swinging
|
Bottom of the 3rd over - 0 runs, 0 hits, 0 errors, 0 left on base; Atlanta (MID) 2 - Wisconsin 1 |
TOP OF THE 4TH |
Atlanta (MID) Braves batting - Pitching for Wisconsin Timber Rattlers : RHP Jeff Alanis
|
Batting: RHB Mike Shook
|
0-0: Ball 1-0: Foul Ball, location: 2F 1-1: Ball 2-1: Foul Ball, location: 2F 2-2: Ball 3-2: Foul Ball, location: 2F 3-2: Fly out, F4 (Flyball, 4D, EV 85.0 MPH)
|
Batting: RHB Andy Cunningham
|
0-0: Ball 1-0: SINGLE (Groundball, 6MD, EV 94.4 MPH)
|
Batting: RHB Johnny Burroughs
|
0-0: Called Strike Andy Cunningham steals 2nd base 0-1: DOUBLE (Flyball, 8RXD, EV 89.4 MPH) Andy Cunningham scores
|
Batting: RHB Bobby Light
|
0-0: Ball 1-0: Ball 2-0: Called Strike 2-1: Called Strike 2-2: Reached on error, E5 (Groundball, 56S, EV 81.3 MPH) Johnny Burroughs to third
|
Batting: SHB Brandon McClain
|
0-0: Ball Wild Pitch! Johnny Burroughs scores Bobby Light to second 1-0: Ball 2-0: Called Strike 2-1: Swinging Strike 2-2: Ball 3-2: Strikes out looking
|
Pitching: LHP Tom Barone
|
|
Batting: SHB Richello Badua
|
0-0: Swinging Strike 0-1: Called Strike 0-2: Strikes out swinging
|
Top of the 4th over - 2 runs, 2 hits, 1 error, 1 left on base; Atlanta (MID) 4 - Wisconsin 1 |
BOTTOM OF THE 4TH |
Wisconsin Timber Rattlers batting - Pitching for Atlanta (MID) Braves : RHP Mokichi Furuta
|
Batting: RHB Aaron Lind
|
0-0: Called Strike 0-1: Ball 1-1: Foul Ball, location: 2F 1-2: Strikes out looking
|
Batting: RHB Gene Sutton
|
0-0: Fly out, F8 (Flyball, 8LD, EV 93.1 MPH)
|
Batting: LHB Andy Sanchez
|
0-0: Called Strike 0-1: Foul Ball, location: 2F 0-2: Ball 1-2: Ball 2-2: Ball 3-2: Base on Balls
|
Batting: LHB Aaron Mobley
|
0-0: Called Strike Andy Sanchez steals 2nd base 0-1: Ball 1-1: Ground out 5-3 (Groundball, 56, EV 80.6 MPH)
|
Bottom of the 4th over - 0 runs, 0 hits, 0 errors, 1 left on base; Atlanta (MID) 4 - Wisconsin 1 |
TOP OF THE 5TH |
Atlanta (MID) Braves batting - Pitching for Wisconsin Timber Rattlers : LHP Tom Barone
|
Batting: LHB Bobby Upton
|
0-0: Ball 1-0: SINGLE (Line Drive, 8LM, EV 100.6 MPH)
|
Batting: RHB Xavier Davis
|
0-0: Hit by Pitch Bobby Upton to second
|
Batting: RHB Corey Dalton
|
0-0: Foul Ball, location: 2F 0-1: Ball 1-1: Fly out, F9 (Line Drive, 9D, EV 98.8 MPH) Runner from 2nd tags up, SAFE at 3rd, no throw by RF
|
Batting: RHB Mike Shook
|
0-0: Ball Xavier Davis steals 2nd base (no throw) 1-0: Ball 2-0: Fly out, F8 (Flyball, 8LD, EV 94.4 MPH) Runner from 3rd tags up, SCORES, throw by CF Xavier Davis to third
|
Batting: RHB Andy Cunningham
|
0-0: Ball 1-0: Ball 2-0: Called Strike 2-1: Ball 3-1: Fly out, F6 (Line Drive, 6, EV 72.5 MPH)
|
Top of the 5th over - 1 run, 1 hit, 0 errors, 1 left on base; Atlanta (MID) 5 - Wisconsin 1 |
BOTTOM OF THE 5TH |
Wisconsin Timber Rattlers batting - Pitching for Atlanta (MID) Braves : RHP Mokichi Furuta
|
Batting: RHB Rafael Medina
|
0-0: Swinging Strike 0-1: Ground out 6-3 (Groundball, 6M, EV 103.8 MPH)
|
Batting: RHB Jeff Cornett
|
0-0: Ball 1-0: Ground out 5-3 (Groundball, 56S, EV 83.8 MPH)
|
Batting: RHB Bryant Thies
|
0-0: Ball 1-0: Foul Ball, location: 2F 1-1: Called Strike 1-2: Strikes out swinging
|
Bottom of the 5th over - 0 runs, 0 hits, 0 errors, 0 left on base; Atlanta (MID) 5 - Wisconsin 1 |
TOP OF THE 6TH |
Atlanta (MID) Braves batting - Pitching for Wisconsin Timber Rattlers : LHP Tom Barone
|
Batting: RHB Johnny Burroughs
|
0-0: Ball 1-0: Called Strike 1-1: Ball 2-1: Foul Ball, location: 2F 2-2: Ball 3-2: Base on Balls
|
Batting: RHB Bobby Light
|
0-0: Swinging Strike 0-1: Called Strike 0-2: Ball 1-2: Foul Ball, location: 2F 1-2: Ball 2-2: SINGLE (Groundball, 6MD, EV 97.5 MPH) Johnny Burroughs to second
|
Batting: SHB Brandon McClain
|
0-0: Fielders Choice at 2nd, 3-6 (Groundball, 3, EV 81.9 MPH) Johnny Burroughs to third
|
Pitching: RHP Brian Harper
|
|
Batting: SHB Richello Badua
|
0-0: Called Strike 0-1: Ball 1-1: Foul Ball, location: 2F 1-2: Ball 2-2: Foul Ball, location: 2F 2-2: SINGLE (Groundball, 34D, EV 105.6 MPH) Johnny Burroughs scores Brandon McClain to second Runner from 2nd tries for 3rd, SAFE, throw by RF made to third
|
Batting: LHB Bobby Upton
|
0-0: Ball Richello Badua is caught stealing 2nd base 2-6 1-0: Called Strike 1-1: Ball 2-1: SINGLE (Groundball, 6MS, EV 64.4 MPH) (infield hit) Brandon McClain scores
|
Batting: RHB Xavier Davis
|
0-0: Ball 1-0: Ball Bobby Upton steals 2nd base 2-0: Called Strike Bobby Upton steals 3rd, throwing error, E2 Bobby Upton scores 2-1: Foul Ball, location: 2F 2-2: Fly out, F9 (Flyball, 9D, EV 81.9 MPH)
|
Top of the 6th over - 3 runs, 3 hits, 1 error, 0 left on base; Atlanta (MID) 8 - Wisconsin 1 |
BOTTOM OF THE 6TH |
Wisconsin Timber Rattlers batting - Pitching for Atlanta (MID) Braves : RHP Mokichi Furuta
|
Batting: RHB Matthew Adams
|
0-0: Foul Ball, location: 2F 0-1: Swinging Strike 0-2: Foul Ball, location: 2F 0-2: Foul Ball, location: 2F 0-2: Strikes out swinging
|
Batting: LHB Joe Vida
|
0-0: Ball 1-0: Ball 2-0: Called Strike 2-1: Ball 3-1: Called Strike 3-2: Foul Ball, location: 2F 3-2: Foul Ball, location: 2F 3-2: Foul Ball, location: 2F 3-2: Ground out U3 (Groundball, 3L, EV 93.8 MPH)
|
Batting: RHB Aaron Lind
|
0-0: Swinging Strike 0-1: Swinging Strike 0-2: Ball 1-2: Ball 2-2: Ball 3-2: Base on Balls
|
Batting: RHB Gene Sutton
|
0-0: Ball 1-0: DOUBLE (Flyball, 89XD, EV 106.9 MPH) Aaron Lind to third Runner from 3rd tries for Home, SAFE, throw by CF to home
|
Batting: LHB Andy Sanchez
|
0-0: Called Strike 0-1: Foul Ball, location: 2F 0-2: Ground out 3-1 (Groundball, 34, EV 95.0 MPH)
|
Bottom of the 6th over - 1 run, 1 hit, 0 errors, 1 left on base; Atlanta (MID) 8 - Wisconsin 2 |
TOP OF THE 7TH |
Atlanta (MID) Braves batting - Pitching for Wisconsin Timber Rattlers : RHP Brian Harper
|
Batting: RHB Corey Dalton
|
0-0: Fly out, F7 (Flyball, 78D, EV 100.0 MPH)
|
Batting: RHB Mike Shook
|
0-0: Swinging Strike 0-1: Ball 1-1: Swinging Strike 1-2: Ball 2-2: Strikes out swinging
|
Batting: RHB Andy Cunningham
|
0-0: Called Strike 0-1: Ball 1-1: SINGLE (Groundball, 4MS, EV 99.4 MPH)
|
Batting: RHB Johnny Burroughs
|
0-0: Ball 1-0: Called Strike 1-1: SINGLE (Groundball, 6D, EV 103.8 MPH) Andy Cunningham to second Runner from 2nd tries for 3rd, SAFE, throw by LF made to third
|
Batting: RHB Bobby Light
|
0-0: Ball 1-0: Called Strike 1-1: Ball 2-1: Fly out, F9 (Flyball, 9, EV 96.9 MPH)
|
Top of the 7th over - 0 runs, 2 hits, 0 errors, 2 left on base; Atlanta (MID) 8 - Wisconsin 2 |
BOTTOM OF THE 7TH |
Wisconsin Timber Rattlers batting - Pitching for Atlanta (MID) Braves : RHP Mokichi Furuta
|
Batting: LHB Aaron Mobley
|
0-0: Ball 1-0: Called Strike 1-1: Called Strike 1-2: Foul Ball, location: 2F 1-2: Foul Ball, location: 2F 1-2: Strikes out swinging
|
Batting: RHB Rafael Medina
|
0-0: Called Strike 0-1: Swinging Strike 0-2: Ball 1-2: Foul Ball, location: 2F 1-2: Foul Ball, location: 2F 1-2: Ball 2-2: Foul Ball, location: 2F 2-2: Strikes out swinging, 2-3 out at first.
|
Batting: RHB Jeff Cornett
|
0-0: Ball 1-0: Called Strike 1-1: Ground out 5-3 (Groundball, 56S, EV 65.6 MPH)
|
Bottom of the 7th over - 0 runs, 0 hits, 0 errors, 0 left on base; Atlanta (MID) 8 - Wisconsin 2 |
TOP OF THE 8TH |
Atlanta (MID) Braves batting - Pitching for Wisconsin Timber Rattlers : RHP Brian Harper
|
Batting: SHB Brandon McClain
|
0-0: Called Strike 0-1: Ball 1-1: Ball 2-1: Foul Ball, location: 2F 2-2: SINGLE (Groundball, 56S, EV 70.6 MPH) (infield hit)
|
Pitching: RHP Odmar van de Vijver
|
|
Batting: SHB Richello Badua
|
0-0: Ball Brandon McClain steals 2nd base (no throw) 1-0: Fly out, F7 (Flyball, 7, EV 78.1 MPH)
|
Batting: LHB Bobby Upton
|
0-0: Called Strike Brandon McClain steals 3rd base (no throw) 0-1: Foul Ball, location: 2F 0-2: Foul Ball, location: 2F 0-2: Strikes out swinging
|
Batting: RHB Xavier Davis
|
0-0: Ball 1-0: Ground out 4-3 (Groundball, 4, EV 90.0 MPH)
|
Top of the 8th over - 0 runs, 1 hit, 0 errors, 1 left on base; Atlanta (MID) 8 - Wisconsin 2 |
BOTTOM OF THE 8TH |
Wisconsin Timber Rattlers batting - Pitching for Atlanta (MID) Braves : RHP Mokichi Furuta
|
Pitching: RHP Craig Goguen
|
|
Batting: RHB Bryant Thies
|
0-0: Ball 1-0: Foul Ball, location: 2F 1-1: Ball 2-1: Ground out 4-3 (Groundball, 34, EV 106.9 MPH)
|
Batting: RHB Matthew Adams
|
0-0: Ball 1-0: Ball 2-0: Ball 3-0: Base on Balls
|
Batting: LHB Joe Vida
|
0-0: Ball 1-0: Swinging Strike 1-1: Foul Ball, location: 2F 1-2: Foul Ball, location: 2F 1-2: Fly out, F7 (Flyball, 78M, EV 76.3 MPH)
|
Batting: RHB Aaron Lind
|
0-0: Called Strike 0-1: Ball 1-1: Called Strike 1-2: Ball 2-2: Foul Ball, location: 2F 2-2: Ball 3-2: Base on Balls Matthew Adams to second
|
Batting: RHB Gene Sutton
|
0-0: Ground out 6-3 (Groundball, 6S, EV 81.9 MPH)
|
Bottom of the 8th over - 0 runs, 0 hits, 0 errors, 2 left on base; Atlanta (MID) 8 - Wisconsin 2 |
TOP OF THE 9TH |
Atlanta (MID) Braves batting - Pitching for Wisconsin Timber Rattlers : RHP Odmar van de Vijver
|
Pitching: RHP Dan Patino
|
|
Batting: RHB Corey Dalton
|
0-0: Foul Ball, location: 2F 0-1: Ball 1-1: Ground out 5-3 (Groundball, 56, EV 84.4 MPH)
|
Batting: RHB Mike Shook
|
0-0: Called Strike 0-1: Foul Ball, location: 2F 0-2: Ball 1-2: Ball 2-2: Strikes out swinging, 2-3 out at first.
|
Batting: RHB Andy Cunningham
|
0-0: Ball 1-0: Ground out 4-3 (Groundball, 4, EV 105.0 MPH)
|
Top of the 9th over - 0 runs, 0 hits, 0 errors, 0 left on base; Atlanta (MID) 8 - Wisconsin 2 |
BOTTOM OF THE 9TH |
Wisconsin Timber Rattlers batting - Pitching for Atlanta (MID) Braves : RHP Craig Goguen
|
Batting: LHB Andy Sanchez
|
0-0: Called Strike 0-1: Fly out, F5 (Popup, 56S, EV 77.5 MPH)
|
Batting: LHB Aaron Mobley
|
0-0: Foul Ball, location: 2F 0-1: Ball 1-1: Ball 2-1: Foul Ball, location: 2F 2-2: Ball 3-2: Foul Ball, location: 2F 3-2: Foul Ball, location: 2F 3-2: SINGLE (Groundball, 4MS, EV 65.0 MPH) (infield hit)
|
Pitching: RHP Jeff Heaster
|
|
Batting: RHB Rafael Medina
|
0-0: Ball 1-0: Called Strike 1-1: Foul Ball, location: 2F 1-2: SINGLE (Groundball, 6MD, EV 96.3 MPH) Aaron Mobley to second
|
Batting: RHB Jeff Cornett
|
0-0: Swinging Strike 0-1: Fly out, F9 (Flyball, 89M, EV 76.3 MPH)
|
Batting: RHB Bryant Thies
|
0-0: Called Strike 0-1: Fly out, F7 (Flyball, 7S, EV 91.9 MPH)
|
Bottom of the 9th over - 0 runs, 2 hits, 0 errors, 2 left on base; Atlanta (MID) 8 - Wisconsin 2 |
|